AoeStats
← [NaAC] Fëanor

Arabia

510415224Analyzed
1v1 RM · 3d ago on Sep 30, 2026· 62m 46s· 2 players
Game mode
Random Map
Map size
Tiny (2 player)
Population
200
Speed
Normal
Resources
Standard
Victory
Conquest
Starting age
Dark Age
Ending age
Imperial Age
RankedLock teamsTeams togetherTeam positionsShared explorationLock speedFull tech treeHidden civsTurbo modeCheats
Victory
Defeat
🇦🇷 Ethiopians · Argentina
955
+46
🇺🇸 Britons · United States
949
-40
Vanguard
6:56 Loom
11:07 Feudal Age
11:34 Double-Bit Axe
14:00 Fletching
15:33 Padded Archer Armor
23:32 Castle Age
22:47 Wheelbarrow
23:43 Horse Collar
24:13 Crossbowman
24:16 Pikeman
24:57 Bodkin Arrow
26:08 Gold Mining
26:24 Heavy Plow
27:59 Bow Saw
29:44 Leather Archer Armor
30:14 Husbandry
30:56 Gold Mining
31:01 Stone Mining
31:58 Scale Barding Armor
31:53 Town Watch
34:07 Ballistics
33:44 Murder Holes
33:53 Squires
34:51 Hand Cart
35:29 Chain Barding Armor
35:20 Forging
36:30 Masonry
40:17 Imperial Age
40:29 Arbalester
40:36 Cavalier
40:39 Man-at-Arms
41:04 Gambesons
42:23 Chemistry
41:33 Bracer
42:50 Light Cavalry
45:04 Hoardings
52:32 Two-Man Saw
54:17 Architecture
[NaAC] Fëanor
8:02 Loom
10:30 Feudal Age
12:41 Feudal Age
13:26 Double-Bit Axe
14:21 Town Watch
16:53 Castle Age
21:08 Horse Collar
29:20 Forging
29:20 Scale Mail Armor
30:48 Iron Casting
30:39 Heavy Plow
31:24 Chain Mail Armor
31:30 Elite Skirmisher
32:03 Fletching
32:14 Padded Archer Armor
34:03 Squires
33:50 Arson
37:51 Imperial Age
35:57 Wheelbarrow
35:08 Town Watch
36:28 Bodkin Arrow
36:49 Leather Archer Armor
36:43 Thumb Ring
37:25 Town Patrol
38:07 Hand Cart
39:37 Blast Furnace
39:09 Plate Mail Armor
39:12 Conscription
40:01 Bracer
43:32 Ring Archer Armor
45:30 Elite Shotel Warrior
46:56 Halberdier
48:36 Royal Heirs
50:40 Ballistics
51:24 Chemistry
51:12 Siege Engineers
52:49 Murder Holes
57:33 Torsion Engines
Connection lost

Rejoining the realm…

Still unreachable

The connection could not be restored.

Session expired

The server has moved on; the page needs a fresh start.